 Dungeon Crawl Stone Soup version 0.29.0-4-gdea44cf6ec (webtiles) character file.

Game seed: 15450354953704342201

5779 qw the Cleaver (level 10, -2/63 HPs)
             Began as a Gargoyle Fighter on Sept 9, 2022.
             Was an Elder of Okawaru.
             Slain by a yak (12 damage)
             ... on level 9 of the Dungeon.
             The game lasted 00:03:23 (9595 turns).

qw the Cleaver (Gargoyle Fighter)                   Turns: 9595, Time: 00:03:23

Health: -2/63      AC: 25    Str: 25    XL:     10   Next: 78%
Magic:  14/14      EV:  9    Int:  8    God:    Okawaru [****..]
Gold:   160        SH: 13    Dex: 15    Spells: 9/9 levels left

rFire   . . .      SeeInvis .   Y - +0 war axe
rCold   . . .      Faith    .   l - +0 kite shield
rNeg    + . .      Spirit   .   u - +0 plate armour
rPois   inf        Reflect  .   (no helmet)
rElec   +          Harm     .   t - +0 cloak
rCorr   .          Rampage  .   i - +0 pair of gloves
Will    .....                   (no boots)
Stlth   ..........              (no amulet)
HPRegen 0.20/turn               k - +6 ring of dexterity
MPRegen 0.14/turn               (no ring)

@: heroic
A: sickness immunity, AC +7, negative energy resistance 1, electricity
resistance, torment resistance 1, petrification resistance
a: Renounce Religion, Heroism, Finesse


You were on level 9 of the Dungeon.
You worshipped Okawaru.
Okawaru was greatly pleased with you.
You visited 2 branches of the dungeon, and saw 10 of its levels.
You visited the Abyss 1 time.

You collected 460 gold pieces.
You spent 300 gold pieces at shops.


Innate Abilities, Weirdness & Mutations

You are immune to sickness and miasma.
Your stone body is resilient. (AC +7)
You are immune to poison.
You resist negative energy. (rN+)
You are resistant to electric shocks. (rElec)
You are resistant to unholy torment.
You are immune to petrification.


   Skills:
 - Level 7.2(12.2) Fighting
 + Level 9.0(14.0) Axes
 - Level 2.2(7.2) Throwing
 - Level 6.0(11.0) Armour
 - Level 2.0(7.0) Dodging
 - Level 9.0(14.0) Shields
 + Level 5.9 Invocations


You had 9 spell levels left.
You didn't know any spells.
Your spell library was empty.

Inventory:

Hand Weapons
 b - the +7 flail "Jumoyrch" {drain, Int+3}
   (You found it on level 5 of the Dungeon)

   A truly terrible weapon, it drains the life of any living foe it strikes.
   Int:       It affects your intelligence (+3).
 Y - a +0 war axe (weapon)
Missiles
 g - 7 boomerangs (quivered)
Armour
 i - a +0 pair of gloves (worn)
 l - a +0 kite shield (worn)
 t - a +0 cloak (worn)
 u - a +0 plate armour (worn)
Jewellery
 k - a +6 ring of dexterity (left hand)
 n - a ring of fire
 q - a ring of fire
 r - a ring of ice
Scrolls
 j - a scroll of identify
 s - a scroll of blinking
Potions
 a - 2 potions of mutation
 d - 2 potions of might
 e - a potion of curing
 h - a potion of lignification
 m - a potion of attraction
 p - a potion of magic

Dungeon Overview and Level Annotations

Branches:
Dungeon (9/15)             Temple (1/1) D:5
   Lair: D:8-11         Orc: D:9-12

Altars:
Ashenzari
Dithmenos
Elyvilon
Fedhas
Gozag
Makhleb
Nemelex Xobeh
Okawaru
Qazlal
Ru
Trog
Uskayaw
Vehumet
Wu Jian
Xom

Shops:
D:6 (   D:8 =


Message History

You kill the yak!
Okawaru accepts your kill.
You hit the yak but do no damage. You completely miss the yak.
You closely miss the yak.
The yak is heavily wounded.
You slash the yak! You hit the yak but do no damage.
You block the yak's attack. The yak gores you but does no damage.
You closely miss the yak.
The yak is heavily wounded.
You closely miss the yak. x2; You hit the yak.
The yak gores you but does no damage. You block the yak's attack.
The yak gores you. You block the yak's attack.
You slash the yak!
The yak is severely wounded.
You hit the yak but do no damage. You slash the yak! You closely miss the yak.
You closely miss the yak.
The yak is almost dead.
You barely miss the yak. You slash the yak! You hit the yak.
You block the yak's attack. The yak gores you. The yak barely misses you. x2
You hit the yak.
The yak is almost dead.
You closely miss the yak. You hit the yak. You slash the yak!
The yak barely misses you. The yak gores you!
The yak gores you but does no damage. x2
You hit the yak.
The yak is almost dead.
You barely miss the yak. You closely miss the yak. You hit the yak.
The yak barely misses you.
The yak gores you but does no damage. x3
You slash the yak!
You kill the yak!
Okawaru accepts your kill.
You hit the yak but do no damage. You slash the yak! x2
You block the yak's attack.
The yak gores you but does no damage. x2
Your base Shields skill increases to level 9!
You slash the yak!
You kill the yak!
Okawaru accepts your kill.
You hit the yak. x2; You slash the yak! The yak gores you!
You die...

#..##.<# #..##..#
.#####..##..#
...Y....##..#
...Y....##..##
o#####.......# #....Y..#
#..##YY.# #..##@%{#
#..##.Y.### ###....#
#..##.....# #......#
#..##.....# .......#
#..##.....# #......#
#..##.....# #......#
#..##.....# #......#
#..##.....# #......#
.#####..##.....###......##


You could see 4 yaks.

Vanquished Creatures
  2 thrashing horrors (Abyss:2)
  Maurice (D:8)
  An ancient zyme (Abyss:2)
  A wind drake (shapeshifter) (Abyss:2)
  A shadow (D:7)
  Eustachio (D:6)
  2 wyverns
  3 steam dragons
  7 yaks (D:9)
  3 ice beasts
  2 orc warriors (D:8)
  2 black bears (D:6)
  A centaur (D:8)
  A phantom (D:5)
  A kobold brigand (D:8)
  A necrophage (D:6)
  A bullfrog (D:9)
  A scorpion (D:5)
  3 howler monkeys
  3 hounds
  A jelly (D:6)
  A gnoll bouda (D:5)
  An orc priest (D:6)
  4 iguanas
  6 orc wizards
  2 small abominations (Abyss:2)
  8 gnolls
  7 adders
  2 river rats (D:4)
  An ufetubus (D:7)
  3 worms (D:3)
  2 dart slugs
  15 orcs
  10 ball pythons
  4 endoplasms
  4 giant cockroaches
  9 goblins
  9 hobgoblins
  2 jackals (D:3)
  14 kobolds
  2 quokkas
  2 bats
  A frilled lizard (D:2)
  12 rats
160 creatures vanquished.

Vanquished Creatures (others)
  A hornet (D:7)
  2 orcs (D:8)
3 creatures vanquished.

Grand Total: 163 creatures vanquished

Notes
Turn   | Place    | Note
-------+----------+-------------------------------------------
     0 | D:1      | qw the Gargoyle Fighter began the quest for the Orb.
     0 | D:1      | Reached XP level 1. HP: 14/14 MP: 1/1
     0 | D:1      | 0 ||| qw: Version: 0.1-a-113-g051387a
     0 | D:1      | 0 ||| qw: Game counter: 7080
     0 | D:1      | 0 ||| qw: Always use a shield: true
     0 | D:1      | 0 ||| qw: God list: Okawaru
     0 | D:1      | 0 ||| qw: Allow faded altars: false
     0 | D:1      | 0 ||| qw: Do Orc after D:15 true
     0 | D:1      | 0 ||| qw: Do second Lair branch before Depths: true
     0 | D:1      | 0 ||| qw: Lair rune preference: random
     0 | D:1      | 0 ||| qw: Plans: Normal, Zot, God:TSO, Crypt, Tomb, Zig,
                  | Orb
     0 | D:1      | 0 ||| PLANNING D:1-11
   421 | D:1      | Reached XP level 2. HP: 17/19 MP: 2/2
   492 | D:1      | Found a faded altar of an unknown god.
   514 | D:1      | 514 ||| Stepping ~*~*~tactically~*~*~ (stealth).
   515 | D:1      | 515 ||| Stepping ~*~*~tactically~*~*~ (stealth).
   516 | D:1      | 516 ||| Stepping ~*~*~tactically~*~*~ (stealth).
   665 | D:1      | 665 ||| Stepping ~*~*~tactically~*~*~ (stealth).
   699 | D:1      | 699 ||| Stepping ~*~*~tactically~*~*~ (stealth).
   954 | D:1      | Reached skill level 3 in Axes
  1060 | D:1      | 1060 ||| Stepping ~*~*~tactically~*~*~ (hiding).
  1061 | D:1      | 1061 ||| Stepping ~*~*~tactically~*~*~ (hiding).
  1212 | D:1      | Reached XP level 3. HP: 23/23 MP: 3/3
  1315 | D:1      | 1315 ||| UPGRADING to +0 pair of gloves.
  1320 | D:1      | 1320 ||| UPGRADING to +0 kite shield.
  1330 | D:1      | 1330 ||| DROPPING +0 buckler.
  1331 | D:1      | 1331 ||| READING scroll labelled GUNAHALONO.
  1332 | D:1      | 1332 ||| READING scroll labelled YLARAYTYIN.
  1333 | D:1      | 1333 ||| DRINKING 3 puce potions.
  1334 | D:1      | 1334 ||| DRINKING 2 fuming yellow potions.
  1987 | D:2      | 1987 ||| READING scroll labelled XEITEICARELU.
  2186 | D:3      | 2186 ||| Stepping ~*~*~tactically~*~*~ (stealth).
  2290 | D:3      | Reached XP level 4. HP: 28/28 MP: 4/4
  2316 | D:3      | 2316 ||| Stepping ~*~*~tactically~*~*~ (stealth).
  2317 | D:3      | 2317 ||| Stepping ~*~*~tactically~*~*~ (stealth).
  2677 | D:3      | Found a radiant altar of Vehumet.
  2830 | D:3      | 2830 ||| READING 2 scrolls labelled ITHOKK XUOMA.
  2834 | D:3      | 2834 ||| READING scroll labelled YTOMIDWOP.
  2835 | D:3      | 2835 ||| READING scroll labelled PUNELUAMNA.
  2836 | D:3      | 2836 ||| READING scroll labelled TASUEJ OMILI.
  2842 | D:4      | 2842 ||| PLANNING SEWER
  3050 | D:4      | 3050 ||| Stepping ~*~*~tactically~*~*~ (stealth).
  3054 | D:4      | 3054 ||| Stepping ~*~*~tactically~*~*~ (stealth).
  3056 | D:4      | 3056 ||| Stepping ~*~*~tactically~*~*~ (stealth).
  3099 | D:4      | Reached XP level 5. HP: 27/32 MP: 5/5
  3227 | D:4      | 3227 ||| Stepping ~*~*~tactically~*~*~ (stealth).
  3228 | D:4      | 3228 ||| Stepping ~*~*~tactically~*~*~ (stealth).
  3229 | D:4      | 3229 ||| Stepping ~*~*~tactically~*~*~ (stealth).
  3236 | D:4      | 3236 ||| Stepping ~*~*~tactically~*~*~ (stealth).
  3341 | D:4      | 3341 ||| DROPPING +0 whip.
  3402 | D:4      | 3402 ||| Stepping ~*~*~tactically~*~*~ (stealth).
  3403 | D:4      | 3403 ||| Stepping ~*~*~tactically~*~*~ (stealth).
  3421 | D:4      | 3421 ||| FLEEEEING.
  3422 | D:4      | 3422 ||| FLEEEEING.
  3423 | D:4      | 3423 ||| FLEEEEING.
  3424 | D:4      | 3424 ||| FLEEEEING.
  3425 | D:4      | 3425 ||| FLEEEEING.
  3426 | D:4      | 3426 ||| FLEEEEING.
  3427 | D:4      | 3427 ||| FLEEEEING.
  3428 | D:4      | 3428 ||| FLEEEEING.
  3434 | D:4      | 3434 ||| STAIRDANCE
  3550 | D:3      | 3550 ||| UPGRADING to amulet of guardian spirit.
  3555 | D:3      | 3555 ||| READING 4 scrolls of identify.
  3555 | D:3      | 3555 ||| IDENTIFYING bubbling yellow potion
  3556 | D:3      | 3556 ||| READING 3 scrolls of identify.
  3556 | D:3      | 3556 ||| IDENTIFYING smoky black potion
  3557 | D:3      | 3557 ||| READING 2 scrolls of identify.
  3557 | D:3      | 3557 ||| IDENTIFYING murky blue potion
  3558 | D:3      | 3558 ||| DROPPING potion of berserk rage.
  3560 | D:4      | 3560 ||| RIP SEWER
  3561 | D:4      | 3561 ||| PLANNING D:1-11
  3857 | D:4      | 3857 ||| UPGRADING to +0 chain mail.
  3867 | D:4      | 3867 ||| DROPPING +0 scale mail.
  3899 | D:5      | Entered Level 5 of the Dungeon
  3911 | D:5      | Reached XP level 6. HP: 37/37 MP: 6/6
  3981 | D:5      | Found a staircase to the Ecumenical Temple.
  3982 | D:5      | 3982 ||| PLANNING TEMPLE
  3982 | D:5      | 3982 ||| DRINKING 2 fizzy white potions.
  3983 | D:5      | 3983 ||| DROPPING potion of flight.
  3989 | Temple   | Entered the Ecumenical Temple
  4003 | Temple   | Became a worshipper of Warmaster Okawaru
  4004 | Temple   | 4004 ||| REMOVING amulet of guardian spirit.
  4025 | Temple   | 4025 ||| PLANNING D:1-11
  4025 | Temple   | 4025 ||| DROPPING amulet of guardian spirit.
  4052 | D:5      | Found an ornate altar of the Wu Jian Council.
  4055 | D:5      | 4055 ||| Stepping ~*~*~tactically~*~*~ (hiding).
  4065 | D:5      | 4065 ||| Stepping ~*~*~tactically~*~*~ (stealth).
  4077 | D:5      | HP: 8/37 [gnoll/+0 whip[a gnoll bouda] (6)]
  4078 | D:5      | 4078 ||| READING 2 scrolls of teleportation.
  4575 | D:5      | Reached * piety under Okawaru
  4576 | D:5      | Reached XP level 7. HP: 43/43 MP: 7/7
  4582 | D:5      | 4582 ||| INVOKING Heroism.
  4744 | D:5      | Identified the +7 flail "Jumoyrch" {drain, Int+3}
  4746 | D:5      | 4746 ||| DROPPING +0 flail.
  4796 | D:5      | 4796 ||| Stepping ~*~*~tactically~*~*~ (stealth).
  4798 | D:5      | 4798 ||| Stepping ~*~*~tactically~*~*~ (stealth).
  4804 | D:5      | Reached skill level 1 in Invocations
  5281 | D:5      | 5281 ||| UPGRADING to +6 ring of dexterity.
  5323 | D:6      | 5323 ||| Stepping ~*~*~tactically~*~*~ (stealth).
  5327 | D:6      | 5327 ||| Stepping ~*~*~tactically~*~*~ (stealth).
  5329 | D:6      | 5329 ||| Stepping ~*~*~tactically~*~*~ (hiding).
  5333 | D:6      | 5333 ||| INVOKING Heroism.
  5384 | D:6      | 5384 ||| Stepping ~*~*~tactically~*~*~ (stealth).
  5386 | D:6      | 5386 ||| Stepping ~*~*~tactically~*~*~ (stealth).
  5393 | D:6      | 5393 ||| Stepping ~*~*~tactically~*~*~ (stealth).
  5396 | D:6      | 5396 ||| Stepping ~*~*~tactically~*~*~ (stealth).
  5447 | D:6      | 5447 ||| INVOKING Heroism.
  5453 | D:6      | Reached skill level 1 in Dodging
  5453 | D:6      | Reached skill level 3 in Invocations
  5643 | D:6      | Found Qanavoma's Weapon Shop.
  5714 | D:6      | Reached skill level 6 in Axes
  5714 | D:6      | Reached XP level 8. HP: 48/48 MP: 10/10
  5824 | D:6      | 5824 ||| INVOKING Heroism.
  5847 | D:6      | 5847 ||| INVOKING Heroism.
  5904 | D:6      | Noticed Eustachio
  5905 | D:6      | 5905 ||| INVOKING Heroism.
  5919 | D:6      | Killed Eustachio
  5965 | D:6      | 5965 ||| INVOKING Heroism.
  5967 | D:6      | 5967 ||| Stepping ~*~*~tactically~*~*~ (stealth).
  5971 | D:6      | Reached skill level 6 in Shields
  6101 | D:6      | 6101 ||| INVOKING Heroism.
  6399 | D:6      | 6399 ||| DRINKING 3 brown potions.
  6400 | D:6      | 6400 ||| DRINKING 2 orange potions.
  6401 | D:6      | 6401 ||| DRINKING 2 glowing ruby potions.
  6502 | D:6      | 6502 ||| READING 3 scrolls of identify.
  6502 | D:6      | 6502 ||| IDENTIFYING coppery potion
  6503 | D:6      | 6503 ||| DROPPING potion of ambrosia.
  6504 | D:6      | 6504 ||| DROPPING potion of invisibility.
  6554 | D:7      | Found a shadowy altar of Dithmenos.
  6763 | D:7      | 6763 ||| Stepping ~*~*~tactically~*~*~ (stealth).
  6765 | D:7      | 6765 ||| Stepping ~*~*~tactically~*~*~ (hiding).
  6780 | D:7      | Reached ** piety under Okawaru
  6836 | D:7      | Noticed a wyvern
  6841 | D:7      | Killed a wyvern
  6925 | D:7      | Noticed a shadow
  6938 | D:7      | Killed a shadow
  6939 | D:7      | Reached XP level 9. HP: 47/54 MP: 12/12
  7151 | D:7      | Noticed a hornet
  7155 | D:7      | 7155 ||| INVOKING Heroism.
  7162 | D:7      | Killed a hornet
  7563 | D:7      | 7563 ||| UPGRADING to +0 cloak.
  7568 | D:7      | 7568 ||| READING scroll labelled QIMEL SAPS.
  7569 | D:7      | 7569 ||| READING 3 scrolls labelled WIEGGAIMIA.
  7570 | D:7      | 7570 ||| READING scroll labelled ZAWKONA ENWEBE.
  7571 | D:7      | 7571 ||| READING 2 scrolls of identify.
  7571 | D:7      | 7571 ||| IDENTIFYING bubbling amethyst potion
  7572 | D:7      | 7572 ||| DROPPING potion of brilliance.
  7573 | D:7      | 7573 ||| DROPPING 2 scrolls of magic mapping.
  7614 | D:8      | Found Iheghite's Jewellery Shoppe.
  7665 | D:8      | 7665 ||| SHOPLISTING +4 ring of evasion (432 gold, have
                  | 365).
  7665 | D:8      | 7665 ||| SHOPLISTING ring "Hoasetz" {Ice rElec rPois Dex-3}
                  | (442 gold, have 365).
  7665 | D:8      | 7665 ||| BUYING ring of ice (300 gold).
  7665 | D:8      | Bought a ring of ice for 300 gold pieces
  7665 | D:8      | 7665 ||| SHOPLISTING ring of positive energy (240 gold,
                  | have 65).
  7678 | D:8      | Found a flagged portal.
  7679 | D:8      | 7679 ||| INVOKING Heroism.
  7696 | D:8      | 7696 ||| FLEEEEING.
  7697 | D:8      | 7697 ||| FLEEEEING.
  7698 | D:8      | 7698 ||| FLEEEEING.
  7699 | D:8      | 7699 ||| FLEEEEING.
  7701 | D:8      | 7701 ||| Stepping ~*~*~tactically~*~*~ (stealth).
  7702 | D:8      | 7702 ||| INVOKING Heroism.
  7748 | D:8      | 7748 ||| FLEEEEING.
  7749 | D:8      | 7749 ||| FLEEEEING.
  7750 | D:8      | 7750 ||| FLEEEEING.
  7755 | D:8      | 7755 ||| FLEEEEING.
  7756 | D:8      | 7756 ||| STAIRDANCE
  7925 | D:8      | 7925 ||| INVOKING Heroism.
  7989 | D:8      | Noticed Maurice
  7997 | D:8      | 7997 ||| DRINKING 2 potions of curing.
  7997 | D:8      | 7997 ||| (to cure confusion)
  8023 | D:8      | 8023 ||| INVOKING Heroism.
  8025 | D:8      | Killed Maurice
  8219 | D:8      | 8219 ||| INVOKING Heroism.
  8230 | D:8      | 8230 ||| Stepping randomly (cloudy).
  8235 | D:8      | 8235 ||| INVOKING Heroism.
  8238 | D:8      | Reached skill level 6 in Fighting
  8580 | D:8      | 8580 ||| INVOKING Heroism.
  8694 | D:8      | 8694 ||| FLEEEEING.
  8695 | D:8      | 8695 ||| FLEEEEING.
  8696 | D:8      | 8696 ||| FLEEEEING.
  8697 | D:8      | 8697 ||| FLEEEEING.
  8700 | D:8      | 8700 ||| FLEEEEING.
  8701 | D:8      | 8701 ||| FLEEEEING.
  8702 | D:8      | 8702 ||| FLEEEEING.
  8708 | D:8      | 8708 ||| FLEEEEING.
  8709 | D:8      | 8709 ||| FLEEEEING.
  8715 | D:8      | 8715 ||| FLEEEEING.
  8716 | D:8      | 8716 ||| STAIRDANCE
  8745 | D:7      | 8745 ||| UPGRADING to +0 plate armour.
  8755 | D:7      | 8755 ||| DROPPING +0 chain mail.
  8761 | Abyss:2  | Cast into level 2 of the Abyss (orc wizard)
  8805 | Abyss:2  | Noticed a wind drake
  8805 | Abyss:2  | 8805 ||| Stepping ~*~*~tactically~*~*~ (stealth).
  8806 | Abyss:2  | 8806 ||| Stepping ~*~*~tactically~*~*~ (stealth).
  8812 | Abyss:2  | 8812 ||| Stepping ~*~*~tactically~*~*~ (stealth).
  8813 | Abyss:2  | 8813 ||| Stepping ~*~*~tactically~*~*~ (stealth).
  8814 | Abyss:2  | 8814 ||| Stepping ~*~*~tactically~*~*~ (stealth).
  8815 | Abyss:2  | 8815 ||| Stepping ~*~*~tactically~*~*~ (stealth).
  8816 | Abyss:2  | 8816 ||| Stepping ~*~*~tactically~*~*~ (stealth).
  8822 | Abyss:2  | 8822 ||| INVOKING Heroism.
  8838 | Abyss:2  | Killed a wind drake
  8838 | Abyss:2  | Reached *** piety under Okawaru
  8839 | Abyss:2  | Reached XP level 10. HP: 35/60 MP: 13/13
  8894 | Abyss:2  | 8894 ||| INVOKING Heroism.
  8999 | Abyss:2  | Noticed a thrashing horror
  9000 | Abyss:2  | Noticed a thrashing horror
  9010 | Abyss:2  | 9010 ||| INVOKING Heroism.
  9014 | Abyss:2  | HP: 11/60 [thrashing horror (11)]
  9015 | Abyss:2  | 9015 ||| READING scroll of teleportation.
  9016 | Abyss:2  | 9016 ||| DRINKING 2 potions of heal wounds.
  9019 | Abyss:2  | Killed a thrashing horror
  9020 | Abyss:2  | Reached skill level 9 in Axes
  9020 | Abyss:2  | HP: 15/60 [thrashing horror (1)]
  9021 | Abyss:2  | 9021 ||| DRINKING potion of heal wounds.
  9030 | Abyss:2  | Reached skill level 6 in Armour
  9031 | Abyss:2  | Killed a thrashing horror
  9031 | Abyss:2  | Reached **** piety under Okawaru
  9134 | Abyss:2  | Found a corrupted altar of Lugonu.
  9137 | D:8      | Escaped the Abyss
  9183 | D:8      | 9183 ||| INVOKING Heroism.
  9561 | D:9      | 9561 ||| INVOKING Heroism.
  9566 | D:9      | 9566 ||| Stepping ~*~*~tactically~*~*~ (hiding).
  9567 | D:9      | 9567 ||| Stepping ~*~*~tactically~*~*~ (stealth).
  9568 | D:9      | 9568 ||| Stepping ~*~*~tactically~*~*~ (stealth).
  9571 | D:9      | 9571 ||| Stepping ~*~*~tactically~*~*~ (stealth).
  9592 | D:9      | HP: 9/63 [yak (12)]
  9595 | D:9      | Reached skill level 9 in Shields
  9595 | D:9      | Slain by a yak

Levels and vault maps discovered:
D:1:      sevenhm_arrival_forest_fort_small_6, layout_basic,
          ebering_ecumenical_altar_box
D:2:      layout_basic, chequers_serial_rivers_large_b
D:3:      layout_loops_cross, mainiacjoe_overflow_cross_hatched
D:4:      layout_loops_cross, portal_sewer_entry_b
D:5:      layout_loops_ring, old_standard_altar,
          minmay_temple_entry_statues_pillars
D:6:      minmay_spotlight, layout_basic, serial_shops, nicolae_shop_waterfront,
          uniq_eustachio
D:7:      layout_loops_ring, nicolae_dithmenos_through_a_glass_darkly
D:8:      layout_basic, serial_shops, nicolae_stop_n_shop_1, enter_bailey_5,
          uniq_maurice
D:9:      layout_long_grid, lemuel_zombie_altar_kikubaaqudgha,
          gammafunk_ghost_icy
Temple:   nicolae_temple_two_arcs

Skill      XL: |  1  2  3  4  5  6  7  8  9 10 |
---------------+-------------------------------+-----
Axes           | 2 3 4 5 6 7 8 9 |  9.0
Shields        | 4 5 7 8 9 |  9.0
Fighting       | 4 5 6 7 |  7.2
Invocations    | 3 4 5 |  5.9
Dodging        | 1 2 |  2.0
Throwing       | 2 |  2.2
Armour         | 5 6 |  6.0

Action                   |  1- 3 |  4- 6 |  7- 9 | 10-12 || total
-------------------------+-------+-------+-------+-------++-------
Melee: War axe           |   117 |   140 |   250 |    68 ||   575
Throw: Boomerang         |    20 |    32 |    42 |     9 ||   103
Invok: Heroism           |       |       |    17 |     4 ||    21
  Use: Scroll            |     3 |     8 |     5 |     1 ||    17
       Potion            |     2 |     1 |     4 |     2 ||     9
Armor: Scale mail        |    53 |    46 |       |       ||    99
       Chain mail        |       |    37 |   124 |       ||   161
       Plate armour      |       |       |     8 |    86 ||    94
Dodge: Dodged            |    53 |    52 |    54 |    36 ||   195
Block: Buckler           |    10 |       |       |       ||    10
       Kite shield       |    17 |    67 |   131 |    68 ||   283

Table legend:
 A = Non-vault XP
 B = Vault XP
 C = Vault XP percentage of total XP
 D = Non-vault monster count
 E = Vault monster count
 F = Vault count percentage of total count
                 A         B        C        D         E       F
            +---------+---------+-------+---------+---------+-------
      Total |    7757 |     699 |   8.3 |     148 |      14 |   8.6
            +---------+---------+-------+---------+---------+-------
        D:1 |      34 |       0 |   0.0 |      23 |       0 |   0.0
        D:2 |      11 |       0 |   0.0 |       8 |       0 |   0.0
        D:3 |      78 |       0 |   0.0 |      23 |       0 |   0.0
        D:4 |     130 |      34 |  20.7 |      12 |       8 |  40.0
        D:5 |     567 |       0 |   0.0 |      16 |       0 |   0.0
        D:6 |     778 |     208 |  21.1 |      19 |       1 |   5.0
        D:7 |    1051 |       0 |   0.0 |       9 |       0 |   0.0
        D:8 |    1330 |     457 |  25.6 |      24 |       5 |  17.2
        D:9 |    1478 |       0 |   0.0 |       8 |       0 |   0.0
    Abyss:2 |    2300 |       0 |   0.0 |       6 |       0 |   0.0
            +---------+---------+-------+---------+---------+-------
